 Dungeon Crawl Stone Soup version 0.29.0-15-g675c0067aa (webtiles) character file.

Game seed: 15280427731544776001

15946 ragingrage the Severer (level 12, -6/100 HPs)
             Began as a Minotaur Berserker on Sept 11, 2022.
             Was a High Priest of Trog.
             Mangled by a naga
             ... wielding a +0 scimitar
              (16 damage)
             ... on level 3 of the Lair of Beasts.
             The game lasted 00:08:24 (14626 turns).

ragingrage the Severer (Minotaur Berserker)        Turns: 14626, Time: 00:08:25

Health: -6/100     AC: 14    Str: 25    XL:     12   Next: 5%
Magic:  11/11      EV: 10    Int:  4    God:    Trog [*****.]
Gold:   409        SH:  0    Dex: 12    Spells: 11/11 levels left

rFire   + . .      SeeInvis .   a - +5 battleaxe (elec)
rCold   + . .      Faith    .   (shield currently unavailable)
rNeg    . . .      Spirit   .   Y - +0 acid dragon scales
rPois   +          Reflect  .   (helmet restricted)
rElec   .          Harm     .   E - +2 cloak {Stlth+}
rCorr   +          Rampage  .   i - +0 pair of gloves
Will    .....                   Z - +1 pair of boots of the Bouncing Runes {rC+}
Stlth   ++........              (no amulet)
HPRegen 0.26/turn               f - ring of poison resistance
MPRegen 0.12/turn               n - ring of protection from fire

@: on berserk cooldown, slowed, constricted, very slow
A: horns 2, retaliatory headbutt
a: Renounce Religion, Berserk, Trog's Hand, Brothers in Arms


You were on level 3 of the Lair of Beasts.
You worshipped Trog.
Trog was extremely pleased with you.
You visited 2 branches of the dungeon, and saw 14 of its levels.

You collected 830 gold pieces.
You spent 421 gold pieces at shops.

Inventory:

Hand Weapons
 a - a +5 battleaxe of electrocution (weapon)
 b - a +2 hand axe of flaming
 r - a +0 broad axe
Missiles
 p - 9 atropa-tipped darts (quivered)
 H - 13 boomerangs
 K - 14 poisoned darts
 X - a curare-tipped dart
Armour
 i - a +0 pair of gloves (worn)
 E - a +2 cloak of stealth (worn)
 Y - +0 acid dragon scales (worn)
 Z - the +1 pair of boots of the Bouncing Runes (worn) {rC+}
   (You found it on level 1 of the Lair of Beasts)

   rC:        It protects you from cold.
Jewellery
 f - a ring of poison resistance (left hand)
 n - a ring of protection from fire (right hand)
 v - a ring of positive energy
 x - a ring of flight
 N - a +6 ring of intelligence
 T - an amulet of magic regeneration
Wands
 o - a wand of flame (64)
 w - a wand of roots (3)
 y - a wand of acid (7)
 A - a wand of polymorph (12)
 G - a wand of charming (15)
Scrolls
 g - 3 scrolls of identify {@rr}
 h - 4 scrolls of teleportation
 j - 6 scrolls of magic mapping
 k - a scroll of enchant weapon
 l - 6 scrolls of fog
 s - 3 scrolls of vulnerability
 t - a scroll of enchant armour {unknown}
 u - a scroll of fear {unknown}
 F - a scroll of acquirement {unknown}
 L - a scroll of amnesia {unknown}
 M - 2 scrolls of noise {unknown}
 P - a scroll of immolation
 R - 2 scrolls of blinking {unknown}
 V - a scroll of silence {unknown}
Potions
 c - a potion of lignification {unknown}
 d - 4 potions of brilliance
 e - 4 potions of flight {unknown}
 m - 3 potions of mutation
 q - 2 potions of heal wounds {unknown}
 z - 4 potions of curing
 B - 2 potions of might {unknown}
 C - 2 potions of resistance
 D - 2 potions of attraction {unknown}
 I - a potion of cancellation {unknown}
 J - a potion of invisibility
 U - 3 potions of haste {unknown}
 W - 2 potions of degeneration {unknown}
Miscellaneous
 S - a box of beasts


   Skills:
 - Level 7.4 Fighting
 * Level 19.1 Axes
 - Level 4.7 Throwing
 - Level 6.3 Armour
 - Level 5.7 Dodging
 - Level 4.2 Evocations


You had 11 spell levels left.
You didn't know any spells.
Your spell library was empty.

Dungeon Overview and Level Annotations

Branches:
Dungeon (11/15)            Temple (0/1) D:5            Lair (3/5) D:9
  Snake (0/4) Lair:3          Orc (0/2) D:9
  Swamp: Lair:2-3    Shoals: Lair:2-3

Altars:
Dithmenos
Elyvilon
Nemelex Xobeh
Sif Muna

Shops:
D:1 ?   D:5 ([:(!

Annotations:
D:10 exclusion: downstairs
Lair:3 exclusion: oklob plant


Innate Abilities, Weirdness & Mutations

You have a pair of horns on your head.
You reflexively headbutt those who attack you in melee.


Message History

The naga is almost dead.
You feel sick.
You are too injured to fight recklessly!
You slice the naga!!
You feel the power of Trog in you as your rage grows.
You kill the naga!
Trog accepts your kill.
You feel sick.
You see here a +0 battleaxe.
You slash the naga! You headbutt the naga!
The naga is almost dead.
You feel sick. The naga closely misses you. You furiously retaliate!
You headbutt the naga!
You kill the naga!
Trog accepts your kill.
You are no longer berserk.
You are exhausted.
You feel yourself slow down.
You feel sick.
The naga hits you from afar with a +0 trident.
The naga hits you with a +0 scimitar!!
* * * LOW HITPOINT WARNING * * *
The naga closely misses you.
You hit the naga but do no damage. Your headbutt misses the naga.
You feel sick. The naga closely misses you.
The naga hits you with a +0 scimitar!
* * * LOW HITPOINT WARNING * * *
The naga barely misses you.
You barely miss the naga.
You feel sick. The naga hits you but does no damage.
The naga closely misses you. The naga grabs you. The naga constricts you.
* * * LOW HITPOINT WARNING * * *
Okay, then.
Your ogre goes berserk!
You feel sick.
You are no longer poisoned.
The naga hits you but does no damage. The naga constricts you.
* * * LOW HITPOINT WARNING * * *
The naga spits poison at you. The splash of poison misses you.
The naga barely misses you. The naga hits you with a +0 scimitar!
You die...

....# #..# #.#
..... .P# #.##
....# #.P# #..#
#######.#
##..)....#
##....O.#.#
##..N#)#.#..#
#....)@..#....
#...#.#N#.#.....
..........#.......
..#.>.#...#.#.....
.........######.##
#.#.# ..## ....
.## .# .#


You could see 2 nagas and a friendly ogre (summoned, berserk).

Vanquished Creatures
  A hydra (Lair:3)
  A two-headed ogre (D:10)
  A lindwurm (Lair:2)
  A black mamba (Lair:2)
  Joseph (D:7)
  5 cane toads
  An unseen horror (D:10)
  Psyche (D:11)
  2 komodo dragons (Lair:1)
  A hornet (D:9)
  3 wyverns
  24 yaks
  A basilisk (Lair:1)
  5 vampire mosquitoes (D:10)
  Menkaure (D:7)
  An acid dragon (D:10)
  4 nagas (Lair:3)
  9 water moccasins
  7 orc warriors
  2 black bears
  An ice beast (D:8)
  2 sky beasts
  4 ogres
  9 wolves
  A phantom (D:7)
  8 bullfrogs
  4 kobold brigands
  A necrophage (D:7)
  2 scorpions
  7 wights
  2 howler monkeys
  2 electric eels
  A jelly (D:4)
  3 hounds
  5 orc priests
  A gnoll bouda (D:10)
  2 iguanas (D:5)
  Terence (D:2)
  Ijyb (D:5)
  7 orc wizards
  3 adders
  2 white imps (D:7)
  4 ufetubi
  4 dart slugs
  3 worms
  71 orcs
  6 bats
  6 endoplasms
  7 giant cockroaches
  7 hobgoblins
  6 jackals
  2 quokkas
  4 ball pythons
  2 frilled lizards
  8 goblins
  25 kobolds
  2 rats
  A spectral goblin (D:1)
299 creatures vanquished.

Vanquished Creatures (collateral kills)
  A bullfrog (Lair:1)
1 creature vanquished.

Vanquished Creatures (others)
  5 fungi
  2 plants
7 creatures vanquished.

Grand Total: 307 creatures vanquished

Notes
Turn   | Place    | Note
-------+----------+-------------------------------------------
     0 | D:1      | ragingrage the Minotaur Berserker began the quest for the
                  | Orb.
     0 | D:1      | Reached XP level 1. HP: 19/19 MP: 0/0
    53 | D:1      | Reached skill level 4 in Axes
   156 | D:1      | Found Riutralo's Magic Scroll Shop.
   159 | D:1      | Reached XP level 2. HP: 25/26 MP: 1/1
   546 | D:1      | Found a faded altar of an unknown god.
   570 | D:1      | Reached skill level 5 in Axes
   582 | D:1      | Reached XP level 3. HP: 24/31 MP: 2/2
  1183 | D:2      | Reached ** piety under Trog
  1611 | D:2      | Noticed Terence
  1615 | D:2      | Killed Terence
  1616 | D:2      | Reached skill level 6 in Axes
  1616 | D:2      | Reached XP level 4. HP: 39/39 MP: 3/3
  2817 | D:4      | Reached skill level 7 in Axes
  2817 | D:4      | Reached XP level 5. HP: 16/45 MP: 4/4
  3575 | D:4      | Noticed an ogre
  3580 | D:4      | Killed an ogre
  3581 | D:4      | Reached skill level 8 in Axes
  3955 | D:5      | Entered Level 5 of the Dungeon
  4001 | D:5      | Noticed an ogre
  4006 | D:5      | Killed an ogre
  4007 | D:5      | Reached XP level 6. HP: 51/51 MP: 5/5
  4014 | D:5      | Reached skill level 9 in Axes
  4128 | D:5      | Found Araaf's Book Boutique.
  4182 | D:5      | Reached XP level 7. HP: 49/57 MP: 6/6
  4281 | D:5      | Found Gasucs's Weapon Emporium.
  4291 | D:5      | Found Vobetz's Antique Armour Boutique.
  4299 | D:5      | Bought a glowing cloak for 195 gold pieces
  4337 | D:5      | Found Xurchuliu's Weapon Emporium.
  4504 | D:5      | Found a staircase to the Ecumenical Temple.
  4553 | D:5      | Found Geluol's Distillery.
  4700 | D:5      | Noticed Ijyb
  4710 | D:5      | Killed Ijyb
  4859 | D:6      | Reached skill level 10 in Axes
  5658 | D:6      | Reached skill level 11 in Axes
  5965 | D:7      | Reached XP level 8. HP: 59/64 MP: 7/7
  5988 | D:7      | Reached skill level 12 in Axes
  6197 | D:7      | Noticed Menkaure
  6218 | D:7      | Killed Menkaure
  6314 | D:7      | Reached skill level 13 in Axes
  6479 | D:7      | Reached skill level 14 in Axes
  6479 | D:7      | Reached *** piety under Trog
  6693 | D:7      | Reached XP level 9. HP: 34/71 MP: 8/8
  6904 | D:7      | Noticed Joseph
  6908 | D:7      | Found a white marble altar of Elyvilon.
  6916 | D:7      | Killed Joseph
  6917 | D:7      | Reached skill level 1 in Throwing
  6917 | D:7      | Reached skill level 1 in Evocations
  6918 | D:7      | Found a shadowy altar of Dithmenos.
  7333 | D:8      | Reached skill level 5 in Fighting
  8250 | D:5      | Bought a +2 hand axe of flaming for 226 gold pieces
  8645 | D:9      | Found a staircase to the Orcish Mines.
  8659 | D:9      | Reached XP level 10. HP: 62/83 MP: 9/9
  8800 | D:9      | Reached **** piety under Trog
  9136 | D:9      | Reached skill level 5 in Armour
  9193 | D:9      | Found a staircase to the Lair.
  9467 | D:9      | Reached skill level 15 in Axes
  9857 | D:10     | Entered Level 10 of the Dungeon
  9889 | D:10     | Reached skill level 5 in Dodging
 10954 | D:10     | Reached ***** piety under Trog
 11014 | D:10     | Reached XP level 11. HP: 72/92 MP: 10/10
 11143 | D:10     | Noticed a two-headed ogre
 11149 | D:10     | Killed a two-headed ogre
 11157 | D:10     | Found a sparkling altar of Nemelex Xobeh.
 11157 | D:10     | Found a shimmering blue altar of Sif Muna.
 11507 | D:11     | Noticed Psyche
 11507 | D:11     | Noticed a four-headed hydra
 11509 | D:11     | Killed Psyche
 11549 | Lair:1   | Entered Level 1 of the Lair of Beasts
 11680 | Lair:1   | Reached skill level 16 in Axes
 12128 | Lair:1   | Identified the +1 pair of boots of the Bouncing Runes {rC+}
 12495 | Lair:1   | Reached skill level 17 in Axes
 13466 | Lair:2   | Identified the +2 robe of Absence {Dex+7}
 13614 | Lair:2   | Reached skill level 18 in Axes
 13881 | Lair:2   | Found a dark tunnel.
 13881 | Lair:2   | Noticed a lindwurm
 13907 | Lair:2   | Killed a lindwurm
 14570 | Lair:3   | Noticed an oklob plant
 14602 | Lair:3   | Found a staircase to the Snake Pit.
 14602 | Lair:3   | Noticed an eight-headed hydra
 14617 | Lair:3   | Killed a six-headed hydra
 14618 | Lair:3   | Reached skill level 19 in Axes
 14618 | Lair:3   | Reached XP level 12. HP: 74/100 MP: 11/11
 14626 | Lair:3   | Mangled by a naga

Illustrated notes

Levels and vault maps discovered:
D:1:      evilmike_arrival_plus, layout_basic,
          dreamdust_ecumenical_altar_drowned_temple, serial_shops, shop
D:2:      layout_loops_ring, uniq_terence
D:3:      cheibrodos_greedy_goblins, layout_rooms
D:4:      layout_basic
D:5:      layout_gridville, minmay_temple_entry_from_below_a, serial_shops,
          kennysheep_mini_moat, shop_fountains, nicolae_take_the_stairs,
          nicolae_diamond_shop, shop_fountains, uniq_ijyb
D:6:      layout_gridville
D:7:      layout_rooms, minitemple, uniq_menkaure, uniq_joseph
D:8:      layout_loops_ring
D:9:      layout_long_grid, lair_entry_dummy, hiddenorc2_lemuel
D:10:     layout_roguey [special_room_orc], amethyst_overflow_temple_binary,
          serial_bayou_pond_b
D:11:     layout_basic, serial_shops, nicolae_diamond_shop, uniq_psyche
Lair:1:   statuecave_lemuel, layout_hall_layers
Lair:2:   layout_big_grid, nicolae_volcano_entry_vermiform, lemuel_fruit_tree
Lair:3:   dpeg_oklob_gauntlet, layout_gridlike, minmay_swamp_entry_worms,
          minmay_snake_entry_guardpost_large, special_room [special_room_bee],
          chequers_serial_rivers_micro_b, grunt_megastairs_3, uniq_sonja,
          uniq_amaemon

Skill      XL: |  1  2  3  4  5  6  7  8  9 10 11 |
---------------+----------------------------------+-----
Axes           | 4 5 6 7 8 9 11 14 15 19 | 19.1
Fighting       | 4 6 7 |  7.4
Throwing       | 3 4 |  4.7
Armour         | 4 6 |  6.3
Evocations     | 2 4 |  4.2
Dodging        | 4 5 |  5.7

Action                   |  1- 3 |  4- 6 |  7- 9 | 10-12 || total
-------------------------+-------+-------+-------+-------++-------
Melee: Hand axe          |    11 |       |    22 |     3 ||    36
       Mace              |    51 |    88 |   144 |       ||   283
       Headbutt          |    12 |    14 |    36 |    52 ||   114
       Punch             |     1 |       |     3 |       ||     4
       Whip              |       |       |    13 |       ||    13
       Battleaxe         |       |       |    60 |   273 ||   333
Invok: Berserk           |     1 |     2 |     3 |     5 ||    11
       Brothers in Arms  |       |       |       |     1 ||     1
Evoke: Wand              |       |       |       |     1 ||     1
  Use: Scroll            |       |       |    10 |     4 ||    14
 Stab: Distracted        |       |       |       |     1 ||     1
Armor: Animal skin       |    18 |       |       |       ||    18
       Scale mail        |     2 |    36 |    99 |    60 ||   197
       Ring mail         |     2 |       |       |       ||     2
       Acid dragon scale |       |       |       |    41 ||    41
Dodge: Dodged            |    52 |    47 |   107 |   171 ||   377
